 Dungeon Crawl Stone Soup version 0.15-b1-129-g6fffc38 (webtiles) character file.

101 JacquesDerrida the Ruffian (level 4, -5/34 HPs)
             Began as a Demonspawn Wanderer on Aug 28, 2014.
             Was an Initiate of Okawaru.
             Slain by an ogre
             ... wielding a +0 giant club
              (20 damage)
             ... on Level 5 of the Dungeon.
             The game lasted 00:10:43 (2561 turns).

JacquesDerrida the Ruffian (Demonspawn Wanderer)    Turns: 2561, Time: 00:10:46

HP  -5/34        AC  4     Str 11      XL: 4   Next: 48%
MP   5/7         EV 11     Int 16      God: Okawaru [......]
Gold 148         SH  0     Dex 10      Spells:  2 memorised,  4 levels left

rFire  . . .     SeeInvis .       - Unarmed
rCold  + . .     Clarity  .     d - +0 robe
rNeg   . . .     rCorr    .     (no shield)
rPois  .         rRot     .     (helmet restricted)
rElec  .         Spirit   .     r - +0 cloak
SustAb .         Warding  .     (no gloves)
rMut   .         Stasis   .     t - +0 pair of boots
Gourm  .                        (no amulet)
MR     .....                    (no ring)
                                (no ring)

@: very slightly contaminated, not resistant to hostile enchantments, very
unstealthy
A: claws 1, horns 1, cold resistance 1, dopey 1, placid magic 1
a: Renounce Religion


You were on level 5 of the Dungeon.
You worshipped Okawaru.
Okawaru was noncommittal.
You were not hungry.

You visited 1 branch of the dungeon, and saw 5 of its levels.

You collected 148 gold pieces.

Inventory:

Hand weapons
 c - a +0 spear
 p - a +1 hunting sling
Missiles
 q - 23 sling bullets
Armour
 d - a +0 robe (worn)
 m - a +0 pair of gloves
 r - a +0 cloak (worn)
 t - a +0 pair of boots (worn)
Comestibles
 h - 4 meat rations
 u - 2 bread rations
Scrolls
 b - a scroll of teleportation
 e - a scroll of remove curse
 j - 4 scrolls of identify {unknown}
 k - a scroll of enchant armour {unknown}
Potions
 i - 2 potions of curing
Books
 a - a book of Minor Magic

   Spells                             Type                      Level
   *Magic Dart                        Conjuration                  1
   *Blink                             Translocation                2
   Call Imp                           Summoning                    2
   Repel Missiles                     Charms/Air                   2
   Slow                               Hexes                        2
   Conjure Flame                      Conjuration/Fire             3
   Mephitic Cloud                     Conjuration/Poison/Air       3


   Skills:
 - Level 2.3 Fighting
 - Level 1.7 Polearms
 - Level 1.0 Throwing
 - Level 1.0 Dodging
 - Level 1.0 Stealth
   Level 1.0 Shields
 + Level 3.1 Unarmed Combat
 - Level 2.0 Spellcasting
   Level 1.0 Earth Magic


You had 4 spell levels left.
You knew the following spells:

 Your Spells              Type           Power        Failure   Level  Hunger
a - Magic Dart            Conj           #...         11%         1    #......
b - Blink                 Tloc           N/A          17%         2    ###....


Dungeon Overview and Level Annotations

Branches:
Dungeon (5/15)
 Temple: D:4-7

Altars:
Okawaru
The Shining One


Innate Abilities, Weirdness & Mutations

You have sharp fingernails.
You have a pair of small horns on your head.
Your flesh is cold resistant.
You are dopey. (Int -2)
Your spells are a little easier to cast, but a little less powerful.


Message History

The giant cockroach closely misses you.
You scratch the giant cockroach.
The giant cockroach is heavily wounded.
The giant cockroach bites you but does no damage.
You scratch the giant cockroach.
You kill the giant cockroach!
Okawaru accepts your kill.
You scratch the ogre.
The ogre begins to bleed from its wounds!
The ogre is lightly wounded.
You barely miss the ogre.
The ogre is lightly wounded.
The ogre hits you with a giant club!
Casting: Blink
Confirm with . or Enter, or press ? or * to list all spells.
You miscast Blink.
You are very lightly contaminated with residual magic.
Strange energies run through your body. The ogre hits you with a giant club!!
Ouch! That really hurt!
You die...

### . ..# #. #.#
#.####.# #.#....# . .##
#.#.#..# ....#...
#.#.#..#######...##.#..#
#.......g.O@...#....
..###
##..##########.##...
....# #.## #. #... #.#.#
. #O# ##.#...##.#.##.
#.# ........#...... #O#
##........... #g#
......#.##..... #.#
.###.#.##..... #.#
...###...##.####


You could see an ogre (bleeding) and a goblin.

Vanquished Creatures
  A worker ant (D:4)
  3 adders
  A worm (D:2)
  An ooze (D:1)
  2 giant cockroaches (D:5)
  6 hobgoblins
  5 kobolds
  3 quokkas (D:3)
  7 bats
  3 giant geckos
  3 giant newts
  7 goblins
  6 rats
48 creatures vanquished.

Notes
Turn   | Place    | Note
--------------------------------------------------------------
     0 | D:1      | JacquesDerrida, the Demonspawn Wanderer, began the quest for the Orb.
     0 | D:1      | Reached XP level 1. HP: 15/15 MP: 3/3
   506 | D:2      | Gained mutation: You have sharp fingernails. [demonic ancestry]
   506 | D:2      | Reached XP level 2. HP: 21/23 MP: 4/4
   515 | D:2      | Learned a level 1 spell: Magic Dart
   681 | D:2      | Reached skill level 1 in Unarmed Combat
   855 | D:2      | Gained mutation: You have a pair of small horns on your head. [demonic ancestry]
   855 | D:2      | Reached XP level 3. HP: 20/28 MP: 0/6
  1049 | D:2      | Found an iron altar of Okawaru.
  1274 | D:2      | Became a worshipper of Warmaster Okawaru
  1376 | D:3      | Noticed an ice beast
  2001 | D:4      | Reached XP level 4. HP: 18/34 MP: 7/7
  2162 | D:4      | Reached skill level 3 in Unarmed Combat
  2224 | D:5      | Entered Level 5 of the Dungeon
  2412 | D:5      | Noticed an ogre
  2447 | D:4      | Found a glowing golden altar of the Shining One.
  2456 | D:4      | Gained mutation: Your spells are a little easier to cast, but a little less powerful. [potion of mutation]
  2456 | D:4      | Gained mutation: You are dopey. (Int -2) [potion of mutation]
  2456 | D:4      | Gained mutation: Your flesh is cold resistant. [potion of mutation]
  2475 | D:4      | Learned a level 2 spell: Blink
  2561 | D:5      | Slain by an ogre

Action                   |  1- 3 |  4- 6 || total
-------------------------+-------+-------++-------
Melee: Spear             |    65 |       ||    65
       Unarmed           |    87 |    22 ||   109
 Fire: Hunting sling     |    27 |     3 ||    30
 Cast: Magic Dart        |     9 |       ||     9
       Blink             |       |     4 ||     4
  Use: Potion            |     2 |     3 ||     5
       Scroll            |       |     4 ||     4
 Stab: Sleeping          |     1 |       ||     1
  Eat: Bread ration      |     1 |       ||     1
       Chunk             |     1 |       ||     1
